 Dungeon Crawl Stone Soup version 0.17-a0-1655-g88a8506 (webtiles) character file.

7 kae the Firebug (level 2, -2/17 HPs)
             Began as an Octopode Fire Elementalist on Aug 15, 2015.
             Slain by a hobgoblin (4 damage)
             ... on level 1 of the Dungeon.
             The game lasted 00:00:24 (130 turns).

kae the Firebug (Octopode Fire Elementalist)         Turns: 130, Time: 00:00:24

Health: -2/17      AC:  1    Str:  7    XL:     2   Next: 0%
Magic:  4/5        EV: 12    Int: 17    God:
Gold:   12         SH:  0    Dex: 12    Spells: 1 memorised, 4 levels left

rFire  . . .     SeeInvis .     (no weapon)
rCold  . . .     Clarity  .     (no shield)
rNeg   . . .     SustAt   .     (helmet restricted)
rPois  .         Gourm    .     (no amulet)
rElec  .         Spirit   .     (no ring)
rCorr  .         Warding  .     (no ring)
rMut   .         Stasis   .     (no ring)
MR     .....                    (no ring)
Stlth  +++.......               (no ring)
                                (no ring)
                                (no ring)
                                (no ring)

@: not resistant to hostile enchantments, fairly stealthy
A: almost no armour, amphibious, 8 rings, constrict 8, camouflage 1, gelatinous
body 1
a: no special abilities


You were on level 1 of the Dungeon.
You were not hungry.

You visited 1 branch of the dungeon, and saw 1 of its levels.

You collected 12 gold pieces.

Inventory:

Jewellery
 c - an uncursed amulet of resist corrosion {unknown}
Scrolls
 d - a scroll of fear {unknown}
Potions
 e - a potion of agility {unknown}
Books
 a - a book of Flames

   Spells                             Type                      Level
   a - Flame Tongue                   Conjuration/Fire             1
   b - Throw Flame                    Conjuration/Fire             2
   c - Conjure Flame                  Conjuration/Fire             3
   d - Inner Flame                    Hexes/Fire                   3
   e - Sticky Flame                   Conjuration/Fire             4
   f - Fireball                       Conjuration/Fire             5
Comestibles
 b - a bread ration


   Skills:
 - Level 2.0 Dodging
 - Level 2.6 Stealth
 + Level 2.1 Spellcasting
 * Level 1.6 Conjurations
 * Level 3.1 Fire Magic


You had 4 spell levels left.
You knew the following spells:

 Your Spells              Type           Power        Failure   Level  Hunger
a - Flame Tongue          Conj/Fire      #....        10%         1    #......


Dungeon Overview and Level Annotations

Branches:
Dungeon (1/15)

Altars:


Innate Abilities, Weirdness & Mutations

You cannot wear most types of armour.
You are amphibious.
You can wear up to eight rings at the same time.
You can use your tentacles to constrict eight enemies at once.
Your skin changes colour to match your surroundings (Stealth).
Your rubbery body absorbs attacks (AC +1).


Message History

You are too injured to fight recklessly!
You open the door. The hobgoblin closely misses you. The hobgoblin misses you.
The giant cockroach barely misses you.
There is an open door here.
You closely miss the giant cockroach. Your grab misses the giant cockroach.
The giant cockroach closely misses you.
You tentacle-slap the giant cockroach but do no damage.
Your grab misses the giant cockroach. The giant cockroach bites you.
* * * LOW HITPOINT WARNING * * *
The giant cockroach barely misses you.
You tentacle-slap the giant cockroach but do no damage.
You grab the giant cockroach. You squeeze the giant cockroach.
You kill the giant cockroach!
You have reached level 2!
You closely miss the hobgoblin. You grab the hobgoblin.
You constrict the hobgoblin. The hobgoblin hits you with a club.
* * * LOW HITPOINT WARNING * * *
You release your grip on the hobgoblin.
The hobgoblin closely misses you. The hobgoblin hits you.
You die...

#.......#.#
..########.##
#.####...#.#.#
#.##
...........#.#...
#.##
#.####...#.#.#...
## #.##
#.....#.#.. . ..##
#...###.#.. .####
#### #.....#.#.#
.... ...
#.....#.#.#...###
####
#......@#.#......
....
#.>....gg........
....
....#...#.#.#.....
....
#########'#'#.#...
###
................#
...##.......###.#
.!.........#
...##......# ..#.
+......#


You could see 2 hobgoblins.

Vanquished Creatures
  A giant cockroach (D:1)
  2 hobgoblins (D:1)
  2 bats (D:1)
  A rat (D:1)
6 creatures vanquished.

Notes
Turn   | Place    | Note
--------------------------------------------------------------
     0 | D:1      | kae the Octopode Fire Elementalist began the quest for the Orb.
     0 | D:1      | Reached XP level 1. HP: 11/11 MP: 3/3
   127 | D:1      | Reached XP level 2. HP: 3/17 MP: 3/5
   130 | D:1      | Slain by a hobgoblin

Vault maps used:
D:1:      matt_arrival_los_fun, grunt_decor_mini_mirrors,
          minmay_misc_feat_secret_circle

Action                   || total
-------------------------++-------
Melee: Unarmed           ||    13
 Cast: Flame Tongue      ||     4
 Stab: Sleeping          ||     2
